cohdb
Replays
Latest Replays
All Replays
Popular Replays
Top Player Replays
Match Explorer
How It Works
Community
CoH3 Stats
Reddit
Sign in to upload your games and track your stats! →
Sign in with Steam
we can recover more tanks than you )))))
Match 32221231
Overview
Messages
Build Orders
End
Construct Barracks
Selects Advanced Infantry Battlegroup
1⁄4-ton 4x4 Truck
Riflemen Squad
Riflemen Squad
Construct Weapon Support Center
Selects Convert to Ranger Squad
Bazooka Squad
Bazooka Squad
Bazooka Squad
bloodstark
smallNhii
DerTontaiLama
AlexTG
Yui
MSGMSGMSG(King of Flavor)
chieryfox
baka_reimu
0
0
Comments
sign in to comment!
No comments posted yet!